 Dungeon Crawl Stone Soup version 0.25-a0-663-gace7076f2c (webtiles) character file.

Game seed: 3265135061612228733, levelgen mode: deterministic

406 kae the Ruffian (level 6, -1/47 HPs)
             Began as a Draconian Transmuter on Mar 25, 2020.
             Succumbed to Duvessa's poison
             ... on level 4 of the Dungeon.
             The game lasted 00:01:32 (2206 turns).

kae the Ruffian (Draconian Transmuter)              Turns: 2206, Time: 00:01:33

Health: -1/47      AC:  6    Str: 11 (13) XL:     6   Next: 56%
Magic:  10/11      EV: 12    Int: 15      God:
Gold:   73         SH:  0    Dex:  8 (11) Spells: 6/12 levels left

rFire    . . .     SeeInvis .     - Unarmed
rCold    . . .     Gourm    .   (no shield)
rNeg     . . .     Faith    .   (armour unavailable)
rPois    .         Spirit   .   (helmet restricted)
rElec    .         Reflect  .   (no cloak)
rCorr    .         Harm     .   (no gloves)
MR       .....                  (no boots)
Stlth    +.........             (no amulet)
HPRegen  0.15/turn              (no ring)
MPRegen  0.12/turn              (no ring)

@: lethally poisoned (-1 -> -17)
A: unfitting armour, cold-blooded, AC +6
a: no special abilities


You were on level 4 of the Dungeon.
You were hungry.

You visited 1 branch of the dungeon, and saw 3 of its levels.

You collected 73 gold pieces.

Inventory:

Missiles
 a - 60 arrows
Jewellery
 j - an uncursed ring of ice {unknown}
Scrolls
 b - 4 scrolls of remove curse {unknown}
 d - a scroll of identify {unknown}
 e - 2 scrolls of fog {unknown}
 g - a scroll of enchant weapon {unknown}
 i - a scroll of blinking {unknown}
Potions
 f - a potion of degeneration
Comestibles
 c - 5 rations


   Skills:
 - Level 1.1 Fighting
 - Level 1.7 Dodging
 * Level 5.7 Unarmed Combat
 + Level 3.6 Spellcasting
 + Level 3.9 Transmutations


You had 6 spell levels left.
You knew the following spells:

 Your Spells              Type           Power        Failure   Level  Hunger
a - Beastly Appendage     Tmut           ##....       3%          1    None
b - Sticks to Snakes      Tmut           ##......     6%          2    ##.....
c - Spider Form           Tmut/Pois      #.........   26%         3    ###....

Your spell library contained the following spells:

 Spells                   Type           Power        Failure   Level  Hunger
 Ice Form                 Ice/Tmut       #.......     63%         4    ####...
 Blade Hands              Tmut           ##........   71%         5    ######.


Dungeon Overview and Level Annotations

Branches:
Dungeon (4/15)
 Temple: D:4-7

Altars:
Elyvilon
Xom
Zin
The Shining One

Annotations:
D:4 exclusion: ogre, Dowan


Innate Abilities, Weirdness & Mutations

Your plain brown scales are hard. (AC +6)
You cannot fit into any form of body armour.
You are cold-blooded and may be slowed by cold attacks.


Message History

There was something very wrong with that liquid.
You feel weakened.
You feel dopey.
You feel clumsy.
* * * LOW HITPOINT WARNING * * *
You feel sick. Duvessa barely misses you.
* * * LOW HITPOINT WARNING * * *
You feel sick. Duvessa says, "Did you see that move?
Perfect!"
Your transformation has ended.
* * * LOW HITPOINT WARNING * * *
You feel sick.
* * * LOW HITPOINT WARNING * * *
You feel sick.
* * * LOW HITPOINT WARNING * * *
You feel sick.
* * * LOW HITPOINT WARNING * * *
You feel sick.
You kill Duvessa!
You hear a distant wail of despair.
You feel your intelligence returning.
You die...

.. ...###.....#
.+........#
####...#.#
##.##.## ###...#
##.## #.# #.# ##
#@# .?. #.# #..e
#.# ..... #)#
#.....#########.#
.$..............#
###...###########
##. ..


There were no monsters in sight!

Vanquished Creatures
  Eustachio (D:4)
  Duvessa (D:4)
  A hound (D:4)
  Terence (D:2)
  A centaur skeleton (D:4)
  An iguana (D:4)
  2 adders (D:4)
  A worm (D:2)
  2 dart slugs
  A leopard gecko (D:1)
  2 giant cockroaches (D:1)
  2 goblins (D:1)
  2 hobgoblins
  4 jackals (D:1)
  2 kobolds
  A quokka (D:4)
  7 bats (D:1)
  2 frilled lizards
  8 rats
42 creatures vanquished.

Notes
Turn   | Place    | Note
-------+----------+-------------------------------------------
     0 | D:1      | kae the Draconian Transmuter began the quest for the Orb.
     0 | D:1      | Reached XP level 1. HP: 16/16 MP: 3/3
   432 | D:1      | Reached XP level 2. HP: 20/23 MP: 5/5
   770 | D:1      | Reached XP level 3. HP: 28/28 MP: 6/6
   774 | D:1      | Learned a level 2 spell: Sticks to Snakes
   778 | D:1      | Learned a level 3 spell: Spider Form
  1122 | D:2      | Noticed Terence
  1137 | D:2      | Killed Terence
  1137 | D:2      | Reached skill level 4 in Unarmed Combat
  1355 | D:2      | You fall into a shaft and drop 2 floors!
  1355 | D:4      | Found a glowing silver altar of Zin.
  1375 | D:4      | Found a glowing golden altar of the Shining One.
  1393 | D:4      | Reached XP level 4. HP: 35/35 MP: 4/8
  1507 | D:4      | Found a white marble altar of Elyvilon.
  1574 | D:4      | Found a shimmering altar of Xom.
  1574 | D:4      | Noticed an angel
  1593 | D:4      | Found a glowing golden altar of the Shining One.
  1731 | D:4      | Noticed an ogre
  1837 | D:4      | Reached XP level 5. HP: 37/40 MP: 9/9
  1973 | D:4      | Noticed Eustachio
  2002 | D:4      | Killed Eustachio
  2002 | D:4      | Reached skill level 5 in Unarmed Combat
  2002 | D:4      | Reached XP level 6. HP: 27/47 MP: 8/11
  2180 | D:4      | Noticed Duvessa
  2180 | D:4      | Noticed Dowan
  2204 | D:4      | HP: 2/47 [poisoned by Duvessa]
  2205 | D:4      | Killed Duvessa
  2206 | D:4      | Succumbed to Duvessa's poison

Levels and vault maps discovered:
D:1:      saegor_arrival_simple_d, layout_loops_ring, minmay_misc_feat_five,
          minmay_strange_pillars
D:2:      layout_loops_ring, corexii_corridor_pit, uniq_terence
D:4:      layout_loops_corners, grunt_temple_overflow_order_and_chaos_1,
          kennysheep_little_box, kennysheep_mini_moat, serial_shops, shop,
          hex_medium, minmay_misc_feat_alley, serial_park_tiny_2,
          tso_metal_star, uniq_duvessa, uniq_eustachio

Skill      XL: |  1  2  3  4  5 |
---------------+----------------+-----
Unarmed Combat | 4 5 |  5.7
Transmutations | 3 |  3.9
Spellcasting   | 3 |  3.6
Fighting       | |  1.1
Dodging        | |  1.7

Action                   |  1- 3 |  4- 6 || total
-------------------------+-------+-------++-------
Melee: Unarmed           |   128 |    45 ||   173
       Headbutt          |     5 |     1 ||     6
       Kick              |     8 |     1 ||     9
       Tailslap          |     9 |     4 ||    13
       Punch             |     1 |       ||     1
 Cast: Beastly Appendage |    16 |     4 ||    20
       Spider Form       |     1 |     2 ||     3
  Use: Potion            |       |     1 ||     1
 Stab: Sleeping          |       |     1 ||     1
  Eat: Chunk             |     2 |     2 ||     4
Armor: Skin              |    34 |     5 ||    39
Dodge: Dodged            |   120 |    31 ||   151

Table legend:
 A = Non-vault XP
 B = Vault XP
 C = Vault XP percentage of total XP
 D = Non-vault monster count
 E = Vault monster count
 F = Vault count percentage of total count
                 A         B        C        D         E       F
            +---------+---------+-------+---------+---------+-------
      Total |     202 |     379 |  65.2 |      39 |       3 |   7.1
            +---------+---------+-------+---------+---------+-------
        D:1 |      42 |       0 |   0.0 |      27 |       0 |   0.0
        D:2 |      13 |      38 |  74.5 |       5 |       1 |  16.7
        D:4 |     147 |     341 |  69.9 |       7 |       2 |  22.2
            +---------+---------+-------+---------+---------+-------
